 Dungeon Crawl Stone Soup version 0.17.1-2-g5865329 (webtiles) character file.

350 ImaNewbie the Caller (level 6, -4/33 HPs)
             Began as a Tengu Summoner on Feb 2, 2016.
             Slain by a wight
             ... wielding a +2 dire flail of draining
              (17 damage)
             ... on level 6 of the Dungeon.
             The game lasted 00:39:38 (5667 turns).

ImaNewbie the Caller (Tengu Summoner)               Turns: 5667, Time: 00:39:38

Health: -4/33      AC:  4    Str:  8      XL:     6   Next: 61%
Magic:  7/12       EV: 12    Int: 18      God:
Gold:   76         SH:  0    Dex: 11 (14) Spells: 4 memorised, 1 level left

rFire  + . .     SeeInvis .     f - +0 dagger (speed)
rCold  . . .     Clarity  .     a - +0 robe
rNeg   . . .     SustAt   .     (no shield)
rPois  .         Gourm    .     (helmet restricted)
rElec  .         Spirit   .     (no cloak)
rCorr  .         Warding  .     (no gloves)
rMut   .         Stasis   .     (boots unavailable)
MR     +....                    (no amulet)
Stlth  ++........               (no ring)
                                k - ring of protection from fire

@: drained, somewhat resistant to hostile enchantments, unstealthy
A: beak, talons 3, thin metallic scales 1, frail 1, magic resistance 1, able to
fly 1
a: Fly


You were on level 6 of the Dungeon.
You were near starving.

You visited 1 branch of the dungeon, and saw 6 of its levels.

You collected 191 gold pieces.
You spent 115 gold pieces at shops.

Inventory:

Hand Weapons
 f - a +0 dagger of speed (weapon)
 s - a +0 arbalest
Missiles
 o - 2 javelins (quivered)
 t - 9 tomahawks
Armour
 a - a +0 robe (worn)
 v - a +0 leather armour
Magical Staves
 r - an uncursed staff of wizardry
Jewellery
 k - a ring of protection from fire (left hand)
Wands
 h - a wand of flame (26)
Scrolls
 n - a scroll of enchant armour {unknown}
 q - a scroll of blinking {unknown}
Potions
 e - a potion of flight {unknown}
 l - a potion of might
 m - 3 potions of curing
 u - 2 potions of lignification {unknown}
Books
 b - a book of Callings

   Spells                             Type                      Level
   a - Summon Small Mammal            Summoning                    1
   b - Call Imp                       Summoning                    2
   c - Call Canine Familiar           Summoning                    3
   d - Summon Guardian Golem          Hexes/Summoning              3
   e - Summon Lightning Spire         Summoning/Air                4
   f - Summon Ice Beast               Ice/Summoning                4
Comestibles
 c - 4 bread rations
 d - 2 slices of pizza
 g - a fruit
 i - 5 chunks of flesh
 j - a royal jelly
 p - 3 meat rations


   Skills:
 + Level 3.1(2.9) Fighting
 - Level 2.1(1.9) Dodging
 - Level 2.0(1.7) Stealth
 + Level 3.3(3.1) Spellcasting
 - Level 7.2(6.9) Summonings
 + Level 1.5(1.2) Air Magic


You had one spell level left.
You knew the following spells:

 Your Spells              Type           Power        Failure   Level  Hunger
a - Summon Small Mammal   Summ           ####         1%          1    None
b - Call Imp              Summ           ####....     1%          2    ##.....
c - Call Canine Familiar  Summ           ####....     2%          3    ###....
d - Summon Lightning Spi  Summ/Air       ###.....     34%         4    ####...


Dungeon Overview and Level Annotations

Branches:
Dungeon (7/15)
 Temple: D:4-7

Altars:
Qazlal

Shops:
D:4 *

Annotations:
D:3 exclusion: downstairs
D:4 Starbucks's ghost, amateur DsFi
D:7 Joseph


Innate Abilities, Weirdness & Mutations

You have a beak for a mouth.
You have claws for feet.
You can fly.
You are partially covered in thin metallic scales (AC +2).
You are frail (-10% HP).
You are resistant to hostile enchantments.


Message History

The crimson imp barely misses your hound.
Your hound bites the wight but does no damage.
Your crimson imp misses the crimson imp.
There is a stone staircase leading down here.
Your hound closely misses the wight.
The crimson imp puffs mist at you.
Your crimson imp blinks!
Your hound bites the wight but does no damage.
Casting: Call Canine Familiar
Confirm with . or Enter, or press ? or * to list all spells.
A shadowy apparition takes form in the air.
Your hound closely misses the wight.
The wight closely misses you.
Your shadow imp closely misses the wight.
The crimson imp misses your shadow imp.
Casting: Call Imp
Confirm with . or Enter, or press ? or * to list all spells.
A beastly little devil appears in a puff of flame.
The wight hits you with a dire flail of draining!
Ouch! That really hurt!
You die...

##.)### #5..# #.ยง##
############..#
#...5.>...[...#
#5##########.## #5#
#.# #z# #.#
########@######## #.#
##................ ..#
######>.....#.5.######
####
..........^......)...#
#######..###########.#
######..# #.#
........# ######.####
######..# #.........#
#[.# #.####.##.#


You could see a wight, a crimson imp, a friendly crimson imp and a friendly
shadow imp.

Vanquished Creatures
  2 ogres
  A hound (D:4)
  A worker ant (D:6)
  3 adders
  2 worms
  4 giant geckos
  3 orcs
  2 giant cockroaches
  5 goblins
  A hobgoblin (D:3)
  A jackal (D:2)
  A quokka (D:2)
  2 ball pythons
  3 bats
  3 giant newts
  A kobold (D:3)
  8 rats
43 creatures vanquished.

Vanquished Creatures (collateral kills)
  A quasit (D:7)
  Terence (D:3)
  A worker ant (D:3)
  9 adders
  An ooze (D:3)
  4 giant geckos
  3 orcs
  A goblin (D:2)
  6 hobgoblins
  6 jackals
  A quokka (D:2)
  4 giant newts
  4 kobolds
  2 rats
44 creatures vanquished.

Grand Total: 87 creatures vanquished

Notes
Turn   | Place    | Note
--------------------------------------------------------------
     0 | D:1      | ImaNewbie the Tengu Summoner began the quest for the Orb.
     0 | D:1      | Reached XP level 1. HP: 10/10 MP: 4/4
    34 | D:1      | Reached skill level 5 in Summonings
   489 | D:1      | Reached XP level 2. HP: 15/15 MP: 3/6
   493 | D:1      | Learned a level 2 spell: Call Imp
  1159 | D:2      | Reached XP level 3. HP: 7/19 MP: 2/7
  1509 | D:2      | Reached skill level 6 in Summonings
  1716 | D:2      | Learned a level 3 spell: Call Canine Familiar
  1849 | D:2      | Reached XP level 4. HP: 7/24 MP: 3/8
  2065 | D:2      | Found a stormy altar of Qazlal.
  2078 | D:2      | Noticed an earth elemental
  2080 | D:2      | Noticed a fire elemental
  2080 | D:2      | Noticed an air elemental
  2080 | D:2      | Noticed a water elemental
  2701 | D:3      | Noticed Terence
  2717 | D:3      | Killed Terence
  2717 | D:3      | Reached skill level 1 in Fighting
  3039 | D:3      | Reached skill level 7 in Summonings
  3039 | D:3      | Gained mutation: You can fly. [Tengu growth]
  3039 | D:3      | Reached XP level 5. HP: 17/29 MP: 6/9
  4110 | D:4      | Noticed Starbucks's ghost (amateur DsFi)
  4287 | D:4      | Found Lijuypsu's Assorted Antiques.
  4290 | D:4      | Bought a twisted agate ring for 115 gold pieces
  4295 | D:4      | Gained mutation: You are frail (-10% HP). [potion of mutation]
  4295 | D:4      | Gained mutation: You are resistant to hostile enchantments. [potion of mutation]
  4295 | D:4      | Gained mutation: You are partially covered in thin metallic scales (AC +2). [potion of mutation]
  4787 | D:4      | You fall through a shaft for 3 floors!
  4787 | D:7      | Noticed Joseph
  4950 | D:7      | Noticed an ogre
  4967 | D:7      | Killed an ogre
  4967 | D:7      | Reached XP level 6. HP: 28/32 MP: 3/11
  4975 | D:7      | Learned a level 4 spell: Summon Lightning Spire
  5563 | D:6      | Reached skill level 1 in Air Magic
  5667 | D:6      | Slain by a wight

Action                   |  1- 3 |  4- 6 || total
-------------------------+-------+-------++-------
Melee: Dagger            |    67 |   213 ||   280
       Unarmed           |     3 |       ||     3
Throw: Javelin           |       |    18 ||    18
       Tomahawk          |       |     4 ||     4
 Cast: Summon Small Mamm |    18 |       ||    18
       Call Imp          |     8 |    12 ||    20
       Call Canine Famil |     3 |    16 ||    19
  Use: Potion            |     1 |     1 ||     2
       Scroll            |       |    10 ||    10
 Stab: Sleeping          |     1 |     7 ||     8
       Distracted        |     1 |       ||     1
  Eat: Chunk             |     4 |    10 ||    14
       Pizza             |       |     1 ||     1
       Beef jerky        |       |     1 ||     1
